 Dungeon Crawl Stone Soup version 0.29-a0-222-g5b244fca1f (webtiles) character file.

Game seed: 15762213643732677585

2735 bande the Covered (level 9, -1/60 HPs)
             Began as a Gargoyle Fighter on Feb 28, 2022.
             Was an Elder of Okawaru.
             Slain by an acid dragon (4 damage)
             ... on level 6 of the Dungeon.
             The game lasted 00:13:42 (7694 turns).

bande the Covered (Gargoyle Fighter)                Turns: 7694, Time: 00:13:42

Health: -1/60      AC: 11    Str: 20    XL:     9   Next: 67%
Magic:  0/12       EV:  6    Int: 11    God:    Okawaru [****..]
Gold:   260        SH:  9    Dex: 13    Spells: 8/8 levels left

rFire   + + +      SeeInvis .   a - +1 war axe
rCold   + . .      Faith    .   m - +0 kite shield
rNeg    + . .      Spirit   +   o - +0 chain mail
rPois   ∞          Reflect  .   l - +0 helmet of Demons {Drain rF+++ Str+2 Int+2}
rElec   +          Harm     .   (no cloak)
rCorr   +          Rampage  .   j - +0 pair of gloves
Will    +....                   (no boots)
Stlth   ..........              d - amulet of guardian spirit
HPRegen 0.20/turn               g - ring of protection from fire
MPRegen 0.13/turn               h - ring of willpower

@: resistant, corroded
A: sickness immunity, AC +6, negative energy resistance 1, electricity
resistance, torment resistance 1, petrification resistance, robust 1, weak 1
a: Renounce Religion, Heroism, Finesse


You were on level 6 of the Dungeon.
You worshipped Okawaru.
Okawaru was greatly pleased with you.
You visited 1 branch of the dungeon, and saw 6 of its levels.

You collected 260 gold pieces.

Inventory:

Hand Weapons
 a - a +1 war axe (weapon)
Armour
 j - a +0 pair of gloves (worn)
 l - the +0 helmet of Demons (worn) {Drain rF+++ Str+2 Int+2}
   (You took it off Robin on level 3 of the Dungeon)

   Str:       It affects your strength (+2).
   Int:       It affects your intelligence (+2).
   rF:        It renders you almost immune to fire.
   Drain:     It drains your maximum health when unequipped.
 m - a +0 kite shield (worn)
 o - a +0 chain mail (worn)
Jewellery
 d - an amulet of guardian spirit (around neck)
 g - a ring of protection from fire (left hand)
 h - a ring of willpower (right hand)
 k - a ring of fire
Wands
 e - a wand of acid (9)
 q - a wand of iceblast (15)
 r - a wand of polymorph (5)
Scrolls
 f - a scroll of teleportation
 n - a scroll of blinking
Potions
 c - a potion of mutation


   Skills:
 + Level 6.0 Fighting
 + Level 7.3 Axes
 + Level 7.5 Armour
 - Level 0.1 Dodging
 + Level 5.3 Shields
 * Level 4.6 Invocations
 * Level 3.1 Evocations


You had 8 spell levels left.
You didn't know any spells.
Your spell library was empty.

Dungeon Overview and Level Annotations

Branches:
Dungeon (6/15)             Temple (0/1) D:6

Altars:
Ashenzari
Cheibriados
Dithmenos
Elyvilon
Fedhas
Hepliaklqana
Okawaru

Shops:
D:3 *


Innate Abilities, Weirdness & Mutations

You are immune to sickness and miasma.
Your stone body is resilient. (AC +6)
You are immune to poison.
You resist negative energy. (rN+)
You are resistant to electric shocks. (rElec)
You are resistant to unholy torment.
You are immune to petrification.
You are robust. (+10% HP)
You are weak. (Str -2)


Message History

Things that are here:
a +0 short sword; a +0 leather armour You hit the acid dragon.
The acid dragon is lightly wounded.
The acid dragon bites you. The acid dragon claws you.
The acid dragon closely misses you. You block the acid dragon's attack.
You hit the acid dragon but do no damage.
The acid dragon is lightly wounded.
The acid dragon spits acid at you. The splash of acid hits you.
You closely miss the acid dragon.
The acid dragon is lightly wounded.
You block the acid dragon's attack.
The acid dragon claws you but does no damage.
You hit the acid dragon.
The acid dragon is moderately wounded.
The acid dragon barely misses you. The acid dragon claws you.
The acid dragon bites you. You block the acid dragon's attack.
You closely miss the acid dragon.
The acid dragon is moderately wounded.
The acid dragon spits acid at you. The splash of acid hits you!!
* * * LOW HITPOINT WARNING * * *
The acid corrodes you!
You hear a shout!
Things that are here:
a +0 short sword; a +0 leather armour You feel protected.
The acid dragon bites you but does no damage.
The acid dragon claws you but does no damage.
You closely miss the acid dragon.
The acid dragon is moderately wounded.
The acid dragon bites you!
* * * LOW HITPOINT WARNING * * *
The acid dragon claws you.
* * * LOW HITPOINT WARNING * * *
You hit the acid dragon but do no damage.
The acid dragon is moderately wounded.
The acid dragon bites you.
You die...

####.###.##..+..._...'.##..)...#
.##### #######♣♣♣.♣♣♣####...####
..# ♣.♣ ..#....# ..# ♣.♣
#..#....# ..# ###'###..##....#
..# ##...#....##....# ..#
#.........##...## ..+
#.........##...# ..#
#..@).....#.....# ..#
#..D......#.....# ..#
#.........##...## ..#
##..###....##### ... #..# ###.#
... .... .. .. #.... . #..!..
......


You could see an acid dragon.

Vanquished Creatures
  A two-headed ogre (D:6)
  Sigmund (D:5)
  A wyvern (D:6)
  A steam dragon (D:6)
  An acid dragon (D:6)
  2 sky beasts
  2 necrophages
  7 ogres
  A phantom (D:5)
  3 scorpions
  An orc priest (D:3)
  3 hounds
  3 iguanas
  An orc wizard (D:4)
  Robin (D:3)
  6 adders
  3 gnolls
  An ufetubus (D:5)
  A dart slug (D:1)
  11 orcs
  7 endoplasms
  2 giant cockroaches
  11 hobgoblins
  4 quokkas
  6 ball pythons
  4 bats
  2 frilled lizards
  14 goblins
  6 kobolds
  8 rats
115 creatures vanquished.

Notes
Turn   | Place    | Note
-------+----------+-------------------------------------------
     0 | D:1      | bande the Gargoyle Fighter began the quest for the Orb.
     0 | D:1      | Reached XP level 1. HP: 14/14 MP: 1/1
     0 | D:1      | Noticed a shadow dragon
     0 | D:1      | Noticed an iron dragon
     3 | D:1      | Noticed a large abomination
     5 | D:1      | Noticed an orb of fire
     6 | D:1      | Noticed a green draconian
     9 | D:1      | Noticed a shadow dragon
    11 | D:1      | Noticed an ice dragon
    11 | D:1      | Noticed an iron dragon
    13 | D:1      | Noticed a large abomination
    15 | D:1      | Noticed a shadow dragon
    15 | D:1      | Noticed an orb of fire
    15 | D:1      | Noticed a large abomination
    17 | D:1      | Noticed an iron dragon
    17 | D:1      | Noticed a yellow draconian
    17 | D:1      | Noticed a large abomination
    19 | D:1      | Noticed a tentacled monstrosity
    21 | D:1      | Noticed a shadow dragon
   453 | D:1      | Reached XP level 2. HP: 19/19 MP: 2/2
  1027 | D:2      | Reached XP level 3. HP: 19/24 MP: 3/3
  1090 | D:2      | Noticed a scorpion
  1098 | D:2      | Killed a scorpion
  1099 | D:2      | Reached XP level 4. HP: 16/29 MP: 4/4
  2372 | D:2      | Reached XP level 5. HP: 33/33 MP: 5/5
  3017 | D:3      | Noticed an ogre
  3024 | D:3      | Killed an ogre
  3025 | D:3      | Reached XP level 6. HP: 38/38 MP: 6/6
  3060 | D:3      | Found a hazy altar of Hepliaklqana.
  3131 | D:3      | Identified the +0 helmet of Demons {Drain rF+++ Str+2
                  | Int+2}
  3131 | D:3      | Noticed Robin
  3141 | D:3      | Killed Robin
  3456 | D:3      | Found Celos's General Store.
  3524 | D:3      | Found a blossoming altar of Fedhas.
  4328 | D:4      | Reached skill level 5 in Armour
  4331 | D:4      | Reached XP level 7. HP: 40/44 MP: 7/7
  4380 | D:4      | Gained mutation: You are weak. (Str -2) [potion of
                  | mutation]
  4380 | D:4      | Gained mutation: You are robust. (+10% HP) [potion of
                  | mutation]
  4431 | D:4      | Found a shadowy altar of Dithmenos.
  4643 | D:4      | Found an iron altar of Okawaru.
  4650 | D:4      | Became a worshipper of Warmaster Okawaru
  4756 | D:5      | Entered Level 5 of the Dungeon
  4831 | D:5      | Found a white marble altar of Elyvilon.
  4856 | D:5      | Reached skill level 5 in Axes
  4964 | D:5      | Reached skill level 1 in Invocations
  5011 | D:5      | Noticed Sigmund
  5026 | D:5      | Killed Sigmund
  5026 | D:5      | Reached * piety under Okawaru
  5027 | D:5      | Reached skill level 5 in Fighting
  5027 | D:5      | Reached XP level 8. HP: 47/53 MP: 7/9
  5434 | D:4      | Reached ** piety under Okawaru
  5435 | D:4      | Reached skill level 1 in Evocations
  6334 | D:6      | Noticed a wyvern
  6356 | D:6      | Killed a wyvern
  6632 | D:6      | Reached XP level 9. HP: 52/59 MP: 9/11
  6726 | D:6      | Reached skill level 5 in Shields
  7095 | D:6      | Found a staircase to the Ecumenical Temple.
  7187 | D:6      | Found a broken altar of Ashenzari.
  7202 | D:6      | Reached *** piety under Okawaru
  7328 | D:6      | Found a snail-covered altar of Cheibriados.
  7391 | D:6      | Noticed a two-headed ogre
  7398 | D:6      | Killed a two-headed ogre
  7398 | D:6      | Reached **** piety under Okawaru
  7693 | D:6      | HP: 3/60 [acid dragon (5)]
  7694 | D:6      | Slain by an acid dragon

Illustrated notes

Levels and vault maps discovered:
D:1:      shiori_arrival_whats_in_store_for_you, layout_loops_ring
D:2:      layout_basic, grunt_decor_cap
D:3:      layout_loops_ring, overflow_temple_1_default,
          mainiacjoe_overflow_24_doors, serial_shops, shop_statue, uniq_robin
D:4:      layout_rooms, mainiacjoe_overflow_alcove_2, okawaru_metal_pillars_1_2
D:5:      layout_basic, elyvilon_altar_4, uniq_sigmund
D:6:      layout_gridville, hangedman_ru_absence, lemuel_doored_altar,
          minmay_temple_entry_enclosed_plants, kennysheep_flooded_box

Skill      XL: |  1  2  3  4  5  6  7  8  9 |
---------------+----------------------------+-----
Axes           | 2 3 4 5 6 7 |  7.3
Armour         | 4 5 6 7 |  7.5
Fighting       | 4 5 6 |  6.0
Shields        | 4 5 |  5.3
Invocations    | 2 3 4 |  4.6
Evocations     | 2 3 |  3.1
Dodging        | |  0.1

Action                   |  1- 3 |  4- 6 |  7- 9 || total
-------------------------+-------+-------+-------++-------
Melee: War axe           |    54 |   175 |   232 ||   461
  Use: Scroll            |     3 |     2 |     8 ||    13
       Potion            |       |     1 |     8 ||     9
Armor: Scale mail        |    27 |    84 |       ||   111
       Chain mail        |       |    21 |   152 ||   173
Dodge: Dodged            |    17 |    85 |    78 ||   180
Block: Buckler           |    11 |    36 |    49 ||    96
       Kite shield       |       |       |    14 ||    14

Table legend: (Time is in decaauts)
 A = Elapsed time spent in this place.
 B = Non-inter-level travel time spent in this place.
 C = Inter-level travel time spent in this place.
 D = Time resting spent in this place.
 E = Time spent auto-exploring this place.
 F = Levels seen in this place.
 G = Mean time per level.
                   A        B        C        D        E       F      G
               +--------+--------+--------+--------+--------+-----+--------+
         Total |   7834 |   7762 |     72 |   2892 |   3440 |   6 | 1305.7 |
       Dungeon |   7834 |   7762 |     72 |   2892 |   3440 |   6 | 1305.7 |
               +--------+--------+--------+--------+--------+-----+--------+

Top non-repeatable levels by time:
     D:2: 1701 daAuts
     D:1: 1411 daAuts
     D:6: 1358 daAuts
     D:5: 1244 daAuts
     D:3: 1234 daAuts
     D:4: 883 daAuts
